 Dungeon Crawl Stone Soup version 0.23.0-3-gf3c87f2 (webtiles) character file.

Game seed: 2447449656115384550

33377 melvinkitnick the Severer (level 13, -22/121 HPs)
             Began as a Deep Dwarf Fighter on Feb 24, 2019.
             Was the Champion of Makhleb.
             Annihilated by an orc warrior
             ... wielding a +0 glaive
              (25 damage)
             ... in a bailey.
             The game lasted 00:28:10 (9969 turns).

melvinkitnick the Severer (Deep Dwarf Fighter)      Turns: 9969, Time: 00:28:11

Health: -22/121    AC: 22    Str: 28    XL:     13   Next: 36%
Magic:  9/9        EV:  8    Int: 10    God:    Makhleb [******]
Gold:   838        SH:  0    Dex: 12    Spells: 12/12 levels left

rFire    + . .     SeeInvis .   F - +2 executioner's axe (elec)
rCold    + . .     Gourm    .   (shield currently unavailable)
rNeg     . . .     Faith    .   L - +1 plate armour {rF+}
rPois    +         Spirit   .   v - +0 helmet "Habicim" {*Slow rPois Str+4}
rElec    .         Reflect  .   C - +0 cloak
rCorr    .         Harm     .   t - +0 pair of gloves
MR       ++...                  G - +1 pair of boots
Stlth    ..........             m - amulet of rage
HPRegen  0.00/turn              g - ring of protection from cold
MPRegen  0.11/turn              B - ring of protection from magic

@: non-regenerating
A: damage resistance, heal wounds, sense surroundings 2, no regeneration
a: Heal Wounds, Minor Destruction, Lesser Servant of Makhleb, Major Destruction,
Greater Servant of Makhleb, Renounce Religion, Evoke Berserk Rage


You were in a bailey.
You worshipped Makhleb.
Makhleb was exalted by your worship.
You were not hungry.

You visited 2 branches of the dungeon, and saw 14 of its levels.
You also visited: Ossuary and Bailey.

You collected 838 gold pieces.

Inventory:

Hand Weapons
 x - a +3 flail of freezing
 F - a +2 executioner's axe of electrocution (weapon)
Missiles
 z - 3 throwing nets (quivered)
Armour
 t - a +0 pair of gloves (worn)
 v - the +0 helmet "Habicim" (worn) {*Slow rPois Str+4}
   (You found it in a bailey)

   It affects your strength (+4).
   It protects you from poison.
   It may slow you when you take damage.
 y - a +1 shield
 C - a +0 cloak (worn)
 G - a +1 pair of boots (worn)
 L - a +1 plate armour of fire resistance (worn)
Jewellery
 c - an uncursed ring of positive energy
 g - a ring of protection from cold (left hand)
 m - an amulet of rage (around neck)
 B - a ring of protection from magic (right hand)
Wands
 i - a wand of digging (11)
 o - a wand of disintegration (28)
 q - a wand of enslavement (12)
 D - a wand of polymorph (12)
 I - a wand of paralysis (4)
Scrolls
 b - 12 scrolls of remove curse
 k - 8 scrolls of teleportation
 s - 6 scrolls of immolation
 u - 2 scrolls of fear
 w - 2 scrolls of magic mapping
 K - a scroll of brand weapon
Potions
 d - 5 potions of might
 e - 4 potions of brilliance
 h - 5 potions of agility
 j - 5 potions of mutation
 l - 6 potions of curing
 n - a potion of berserk rage
 A - 3 potions of lignification
 E - a potion of haste
 H - a potion of magic
 J - a potion of resistance
Comestibles
 a - 21 chunks of flesh
 f - 25 rations


   Skills:
 + Level 9.5 Fighting
 * Level 17.8 Axes
 + Level 10.8 Armour
 - Level 3.2 Shields
 - Level 8.0 Invocations
 + Level 4.0 Evocations


You had 12 spell levels left.
You didn't know any spells.
Your spell library contained the following spells:

 Spells                   Type           Power        Failure   Level  Hunger
 Beastly Appendage        Tmut           #.....       96%         1    ##.....
 Confusing Touch          Hex            #.....       96%         1    ##.....
 Infusion                 Chrm           #...         96%         1    ##.....
 Call Imp                 Summ           #.......     99%         2    ###....
 Shroud of Golubria       Chrm/Tloc      #.........   99%         2    ###....
 Song of Slaying          Chrm           #.......     99%         2    ###....
 Throw Frost              Conj/Ice       #.....       99%         2    ###....
 Confuse                  Hex            #.......     100%        3    ####...
 Gell's Gravitas          Tloc           #.........   100%        3    ####...
 Recall                   Summ/Tloc      N/A          100%        3    ####...
 Spectral Weapon          Hex/Chrm       #.......     100%        3    ####...
 Spider Form              Tmut/Pois      #.........   100%        3    ####...
 Petrify                  Tmut/Erth      #.......     100%        4    #####..
 Alistair's Intoxication  Tmut/Pois      #.......     100%        5    ######.
 Iskenderun's Battlesphe  Conj/Chrm      #.......     100%        5    ######.
 Metabolic Englaciation   Hex/Ice        #.........   100%        5    ######.
 Yara's Violent Unravell  Hex/Tmut       #.........   100%        5    ######.
 Freezing Cloud           Conj/Ice/Air   #.........   100%        6    #######
 Statue Form              Tmut/Erth      #........    100%        6    #######
 Regeneration             Chrm/Necr      Unusable     N/A         3    N/A

Dungeon Overview and Level Annotations

Branches:
Dungeon (13/15)            Temple (1/1) D:4            Lair (0/6) D:10
    Orc (0/2) D:11         Vaults (0/5) D:13

Altars:
Cheibriados
Fedhas
Hepliaklqana
Kikubaaqudgha
Makhleb
Okawaru
Wu Jian
Xom
Yredelemnul
The Shining One

Shops:
D:6 %   D:9 [


Innate Abilities, Weirdness & Mutations

You are resistant to damage.
You can heal yourself by infusing magical energy.
You passively map the area around you.
You do not regenerate.


Message History

There is a large open door here.
There is a large open door here.
The orc knight roars a battlecry!
The orc warriors go into a battle-frenzy!
Unknown command.
Okay, then.
There is an open door here.
The orc knight hits you from afar with a +0 halberd!!
The orc warrior hits you from afar with a +0 glaive!
The orc warrior hits you from afar with a +0 glaive.
The orc warrior hits you from afar with a +0 glaive!
The orc knight hits you from afar with a +0 halberd!!
* * * LOW HITPOINT WARNING * * *
The orc warrior hits you from afar with a +0 glaive!!
* * * LOW HITPOINT WARNING * * *
The orc knight hits you from afar with a +0 halberd!!
* * * LOW HITPOINT WARNING * * *
You open the door.
The orc warrior hits you from afar with a +0 glaive!!
You die...

##.........## ##..≈≈≈≈≈≈≈..##
##..≈≈.....≈≈..##
#########..≈≈..###..≈≈..#########
..........≈≈.o##.##..≈≈..........
.≈≈≈≈≈≈≈≈≈≈..##.∩.##..≈≈≈≈≈≈≈≈≈≈.
.≈o.........## ....##....).....≈.
.≈.#############'###'#########.≈.
.≈.##..)..##....@....##.....##.≈.
.≈..##...#'..≈§≈§≈≈§..##...##..≈.
.≈≈..##.##..≈≈ooo..≈§..##.##..≈≈.
#.≈≈..#'#..≈≈..o∩⌠..§≈..#'#.)≈≈.∩
∩.≈≈..#'#..≈§...⌠...≈≈..#)#..≈≈.#
.≈≈..##.##..≈≈..§§§≈§..##.##..≈≈.
.≈..##...##..≈≈≈§§§§..'#...##).≈.
.≈.##.....##.......§.##.....##.≈.
.≈.#############'#############.≈.


You could see an orc knight and 3 orc warriors.

Vanquished Creatures
  Azrael (D:12)
  A rakshasa (D:13)
  4 vault guards (D:13)
  A centaur warrior (D:13)
  5 two-headed ogres
  Nergalle (D:10)
  An unseen horror (D:10)
  An orc knight (Bailey)
  3 cyclopes
  2 ugly things
  The ghost of goblindog the Cudgeler, a novice TrFi of Dithmenos (D:6)
  Maurice (D:12)
  A gargoyle (D:12)
  5 trolls
  A troll (shapeshifter) (D:13)
  2 hornets
  12 slime creatures
  4 hippogriffs
  A vampire (D:9)
  Sigmund (D:5)
  2 wyverns
  22 yaks
  2 steam dragons
  A basilisk (D:11)
  3 fire elementals (D:12)
  2 vampire mosquitoes (D:13)
  A hungry ghost (D:11)
  3 soldier ants
  An acid dragon (D:11)
  2 water moccasins
  4 porcupines (D:10)
  A hell hound (D:12)
  6 orc warriors
  4 ice beasts
  2 sky beasts
  6 black bears
  2 necrophages
  4 ogres
  2 phantoms
  5 centaurs
  5 crocodiles
  2 big kobolds
  Blork the orc (D:4)
  5 bullfrogs
  A wyvern zombie (D:9)
  3 gnoll sergeants (D:6)
  A water moccasin skeleton (D:7)
  4 scorpions
  20 killer bees
  17 wights
  7 howler monkeys
  11 crimson imps
  A bullfrog zombie (D:3)
  A centaur zombie (D:11)
  4 hounds
  12 jellies
  2 bullfrog skeletons
  2 gnoll shamans
  4 orc priests
  18 orc wizards
  8 centaur skeletons
  4 iguanas
  Natasha (thrice) (D:3)
  Terence (D:3)
  7 worker ants
  6 big kobold zombies (Ossuary)
  A hound skeleton (D:9)
  2 hound zombies
  2 mummies (Ossuary)
  Robin (D:4)
  16 gnolls
  A howler monkey skeleton (D:4)
  11 adders
  4 shadow imps
  A white imp (D:5)
  6 oozes
  3 adder zombies (Ossuary)
  4 worms
  A dart slug (D:4)
  5 leopard geckos
  69 orcs
  3 ball pythons
  6 giant cockroaches
  18 goblins
  12 hobgoblins
  6 jackals
  5 quokkas
  6 bats
  4 frilled lizards
  A gnoll zombie (Ossuary)
  11 hobgoblin zombies (Ossuary)
  21 kobolds
  3 kobold zombies (Ossuary)
  4 orc zombies (Ossuary)
  5 rats
  A plant (D:6)
  A withered plant (D:8)
508 creatures vanquished.

Vanquished Creatures (collateral kills)
  A wyvern (D:10)
1 creature vanquished.

Vanquished Creatures (others)
  5 dream sheep (D:7)
  3 bushes (D:10)
  A fungus (D:10)
  13 plants
  A withered plant (D:8)
23 creatures vanquished.

Grand Total: 532 creatures vanquished

Notes
Turn   | Place    | Note
-------+----------+-------------------------------------------
     0 | D:1      | melvinkitnick the Deep Dwarf Fighter began the quest for
                  | the Orb.
     0 | D:1      | Reached XP level 1. HP: 20/20 MP: 1/1
   283 | D:1      | Reached skill level 3 in Axes
   283 | D:1      | Reached XP level 2. HP: 18/27 MP: 2/2
   639 | D:2      | Reached XP level 3. HP: 32/33 MP: 3/3
   674 | D:2      | Reached skill level 4 in Axes
  1115 | D:2      | Reached XP level 4. HP: 31/40 MP: 4/4
  1124 | D:2      | Reached skill level 5 in Axes
  1344 | D:3      | Noticed Natasha
  1344 | D:3      | Noticed Terence
  1360 | D:3      | Killed Terence
  1365 | D:3      | Killed Natasha
  1365 | D:3      | Reached XP level 5. HP: 25/46 MP: 4/4
  1369 | D:3      | Reached skill level 6 in Axes
  1383 | D:3      | Reached skill level 7 in Axes
  1383 | D:3      | Reached XP level 6. HP: 28/55 MP: 5/5
  1442 | D:3      | Noticed Natasha
  1448 | D:3      | Killed Natasha
  1538 | D:3      | Noticed Natasha
  1576 | D:3      | Killed Natasha
  1681 | D:3      | Reached skill level 8 in Axes
  1908 | D:4      | Noticed Robin
  1924 | D:4      | Killed Robin
  1939 | D:4      | Reached XP level 7. HP: 58/61 MP: 6/6
  1975 | D:4      | Reached skill level 9 in Axes
  2115 | D:4      | Noticed Blork the orc
  2136 | D:4      | Killed Blork the orc
  2136 | D:4      | Reached skill level 10 in Axes
  2189 | D:4      | Reached XP level 8. HP: 37/68 MP: 7/7
  2250 | D:4      | Found a blossoming altar of Fedhas.
  2441 | D:4      | Found a staircase to the Ecumenical Temple.
  2459 | Temple   | Entered the Ecumenical Temple
  2481 | Temple   | Became a worshipper of Makhleb the Destroyer
  2567 | D:5      | Entered Level 5 of the Dungeon
  2645 | D:5      | Reached skill level 11 in Axes
  2761 | D:5      | Noticed Sigmund
  2770 | D:5      | Killed Sigmund
  2909 | D:5      | Found a sand-covered staircase.
  2914 | Ossuary  | Entered an ossuary
  2998 | Ossuary  | Reached * piety under Makhleb
  3375 | D:6      | Noticed a troll
  3404 | D:6      | Killed a troll
  3404 | D:6      | Reached skill level 12 in Axes
  3419 | D:6      | Gained mutation: You passively map the area around you.
                  | [Deep Dwarf growth]
  3419 | D:6      | Reached XP level 9. HP: 62/76 MP: 8/8
  3438 | D:6      | Reached ** piety under Makhleb
  3483 | D:6      | Found Xitsal's Food Emporium.
  3669 | D:6      | Found a transporter.
  3670 | D:6      | Found a transporter.
  3696 | D:6      | Noticed goblindog's ghost (novice TrFi)
  3736 | D:6      | Reached skill level 5 in Armour
  3752 | D:6      | Killed goblindog's ghost
  3752 | D:6      | Reached skill level 13 in Axes
  4207 | D:7      | Reached skill level 1 in Invocations
  4341 | D:7      | Reached skill level 5 in Fighting
  4398 | D:7      | Found an ornate altar of the Wu Jian Council.
  4399 | D:7      | Found a basalt altar of Yredelemnul.
  4399 | D:7      | Found a glowing golden altar of the Shining One.
  4402 | D:7      | Found an iron altar of Okawaru.
  4431 | D:7      | Reached *** piety under Makhleb
  4431 | D:7      | Reached XP level 10. HP: 67/88 MP: 10/10
  4559 | D:7      | Found a shimmering altar of Xom.
  5666 | D:8      | Found an ancient bone altar of Kikubaaqudgha.
  5911 | D:9      | Reached skill level 14 in Axes
  5969 | D:9      | Got a faintly humming robe
  6030 | D:9      | Paralysed by a hornet for 1 turns
  6031 | D:9      | Reached **** piety under Makhleb
  6222 | D:9      | Noticed a two-headed ogre
  6239 | D:9      | Killed a two-headed ogre
  6239 | D:9      | Reached skill level 5 in Invocations
  6491 | D:9      | Found Azijiry's Armour Emporium.
  6648 | D:9      | Identified a scroll of acquirement
  6659 | D:9      | Noticed a two-headed ogre
  6665 | D:9      | Killed a two-headed ogre
  6665 | D:9      | Reached XP level 11. HP: 88/98 MP: 11/11
  6811 | D:9      | Identified Ucafan's Guide on Frigorific Calling
  6832 | D:9      | Noticed a two-headed ogre
  6840 | D:9      | Killed a two-headed ogre
  6887 | D:10     | Entered Level 10 of the Dungeon
  6899 | D:10     | Found a staircase to the Lair.
  6916 | D:10     | Reached skill level 15 in Axes
  6931 | D:10     | You fall through a shaft!
  6931 | D:11     | Noticed a two-headed ogre
  6938 | D:11     | Killed a two-headed ogre
  6963 | D:11     | Noticed a cyan ugly thing
  6972 | D:11     | Killed a cyan ugly thing
  7054 | D:11     | Noticed a two-headed ogre
  7060 | D:11     | Killed a two-headed ogre
  7082 | D:11     | Reached ***** piety under Makhleb
  7098 | D:11     | Found a staircase to the Orcish Mines.
  7246 | D:11     | Reached XP level 12. HP: 47/110 MP: 12/12
  7269 | D:11     | Found a frozen archway.
  7300 | D:11     | Reached skill level 16 in Axes
  8114 | D:10     | Noticed Nergalle
  8122 | D:10     | Killed Nergalle
  8551 | D:12     | Reached skill level 17 in Axes
  8620 | D:12     | Noticed Azrael
  8641 | D:12     | Reached skill level 10 in Armour
  8669 | D:12     | Killed Azrael
  8714 | D:12     | Noticed Maurice
  8740 | D:12     | Killed Maurice
  9337 | D:13     | Noticed a rakshasa
  9344 | D:13     | Killed a rakshasa
  9344 | D:13     | Reached skill level 1 in Evocations
  9344 | D:13     | Reached XP level 13. HP: 101/121 MP: 11/11
  9373 | D:13     | Reached ****** piety under Makhleb
  9454 | D:13     | Found a gate to the Vaults.
  9648 | D:13     | Found a flagged portal.
  9656 | Bailey   | Entered a bailey
  9889 | Bailey   | Got a faintly glowing helmet
  9900 | Bailey   | Identified the +0 helmet "Habicim" {*Slow rPois Str+4} (You
                  | found it in a bailey)
  9900 | Bailey   | Identified the Papyrus of Helpful Transmutation
  9968 | Bailey   | HP: 3/121 [orc knight/+0 halberd (15)]
  9969 | Bailey   | Annihilated by an orc warrior

Skill      XL: |  1  2  3  4  5  6  7  8  9 10 11 12 13 |
---------------+----------------------------------------+-----
Axes           | 3 4 5 7 8 10 12 13 14 15 17 | 17.8
Fighting       | 3 5 6 7 9 |  9.5
Armour         | 4 6 7 8 10 | 10.8
Invocations    | 2 5 8 |  8.0
Evocations     | 1 4 |  4.0
Shields        | |  3.2

Action                   |  1- 3 |  4- 6 |  7- 9 | 10-12 | 13-15 || total
-------------------------+-------+-------+-------+-------+-------++-------
Melee: War axe           |   169 |   161 |   463 |   316 |       ||  1109
       Executioner's axe |       |       |       |   381 |   115 ||   496
 Abil: Heal Wounds       |     1 |     7 |     9 |    24 |     3 ||    44
       Evoke Berserk Rag |       |       |       |     1 |       ||     1
  Use: Scroll            |     4 |     3 |     7 |    10 |     1 ||    25
       Potion            |       |     1 |     1 |     2 |       ||     4
  Eat: Chunk             |     1 |     3 |     9 |    19 |     3 ||    35
Armor: Scale mail        |    87 |    58 |       |       |       ||   145
       Chain mail        |       |    70 |   233 |   590 |   118 ||  1011
       Plate armour      |       |       |       |       |     3 ||     3
Dodge: Dodged            |    56 |    82 |    86 |   276 |    82 ||   582
Block: Shield            |    96 |   106 |   249 |   187 |       ||   638
